[Event "RUS-chT Women Rapid 2019"]
[Site "Sochi"]
[Date "2019.10.18"]
[Round "4.10"]
[White "Sudakova, Irina"]
[Black "Maltsevskaya, Aleksandra"]
[Result "0-1"]
[ECO "B20"]
[WhiteElo "2288"]
[BlackElo "2333"]
[Annotator "NA"]
[PlyCount "86"]
[EventDate "2019.10.18"]
[EventType "swiss"]
[EventCountry "RUS"]
[SourceTitle "playchess.com"]
[Source "ChessBase"]
[SourceQuality "1"]
[TimeControl "900+10"]

1. e4 c5 2. Ne2 Nc6 3. g3 g6 4. Bg2 Bg7 5. c3 d6 6. d4 cxd4 7. cxd4 Bg4 8. f3 Bd7 9. d5 Ne5 10. Nbc3 Qb6 11. h3 Nf6 12. f4 Nc4 13. Qd3 Nxb2 14. Bxb2 Qxb2 15. Rb1 Qa3 16. e5 dxe5 17. fxe5 Bf5 18. Qb5+ Nd7 19. Rb3 Qc5 20. g4 Bc2 21. Rb2 Qxb5 22. Nxb5 Rc8 23. d6 Bxe5 24. Nc7+ Kd8 25. Rxc2 Bxd6 26. Bxb7 Rxc7 27. Rxc7 Kxc7 28. Bg2 Ne5 29. Nd4 Rb8 30. Nb3 a5 31. O-O a4 32. Rc1+ Kd7 33. Nc5+ Bxc5+ 34. Rxc5 f6 35. Ra5 Rb4 36. g5 Nc4 37. Ra6 Rb1+ 38. Kh2 Ne3 39. Bc6+ Kc7 40. Bxa4 Rb2+ 41. Kg3 Rxa2 42. Ra7+ Kb6 43. Rxe7 Nf5+ 0-1

[Event "RUS-chT Women Rapid 2019"]
[Site "Sochi"]
[Date "2019.10.18"]
[Round "4.11"]
[White "Obolentseva, Alexandra"]
[Black "Lukina, Aleksandra"]
[Result "1-0"]
[ECO "E94"]
[WhiteElo "2282"]
[BlackElo "2060"]
[Annotator "NA"]
[PlyCount "151"]
[EventDate "2019.10.18"]
[EventType "swiss"]
[EventCountry "RUS"]
[SourceTitle "playchess.com"]
[Source "ChessBase"]
[SourceQuality "1"]
[TimeControl "900+10"]

1. d4 Nf6 2. c4 g6 3. Nc3 Bg7 4. e4 d6 5. Be2 O-O 6. Nf3 e5 7. O-O exd4 8. Nxd4 Re8 9. f3 c6 10. Kh1 Na6 11. Be3 Nc7 12. Bg1 d5 13. cxd5 cxd5 14. Ndb5 Nxb5 15. Bxb5 Bd7 16. Bxd7 Qxd7 17. exd5 Red8 18. Qb3 Nh5 19. Rad1 Be5 20. Rfe1 Qf5 21. Qc4 Nf4 22. Qe4 Bxc3 23. Qxf5 gxf5 24. bxc3 Rxd5 25. Rxd5 Nxd5 26. c4 Nb4 27. a3 Nc6 28. Rb1 b6 29. Rb5 Ne7 30. Re5 Kf8 31. c5 Rb8 32. cxb6 axb6 33. h3 Rb7 34. Rb5 Nc8 35. Rxf5 Ra7 36. Rb5 Rxa3 37. Bxb6 Nxb6 38. Rxb6 Kg7 39. Kh2 f6 40. Rb4 Rc3 41. Rg4+ Kf7 42. Kg3 Ra3 43. Kh4 Ra5 44. Rb4 Kg6 45. Kg3 h5 46. Rb8 Ra4 47. Re8 Rb4 48. Re4 Rb5 49. Ra4 Rc5 50. Kh4 Rb5 51. Kg3 Rc5 52. Re4 Rb5 53. Kf4 Rb2 54. g3 Rb3 55. Ra4 Rc3 56. h4 Rb3 57. g4 Rb5 58. Kg3 Rb3 59. g5 Rb6 60. Ra5 fxg5 61. hxg5 Rb3 62. Re5 Ra3 63. Kf4 Ra4+ 64. Kg3 Rb4 65. f4 Rb3+ 66. Kh4 Rb4 67. Re6+ Kg7 68. Rf6 Rb1 69. Kxh5 Rh1+ 70. Kg4 Rb1 71. Ra6 Rb4 72. Re6 Rc4 73. Kf5 Rc5+ 74. Re5 Rc6 75. Re7+ Kf8 76. Re6 1-0

[Event "RUS-chT Women Rapid 2019"]
[Site "Sochi"]
[Date "2019.10.18"]
[Round "4.12"]
[White "Usacheva, Glafira"]
[Black "Gvanceladze, Anna"]
[Result "1-0"]
[ECO "D16"]
[WhiteElo "1905"]
[BlackElo "2270"]
[Annotator "NA"]
[PlyCount "83"]
[EventDate "2019.10.18"]
[EventType "swiss"]
[EventCountry "RUS"]
[SourceTitle "playchess.com"]
[Source "ChessBase"]
[SourceQuality "1"]
[TimeControl "900+10"]

1. d4 d5 2. c4 c6 3. Nf3 Nf6 4. Nc3 dxc4 5. a4 Na6 6. e4 Bg4 7. Be3 e6 8. Bxc4 Nb4 9. O-O Be7 10. a5 O-O 11. Qd2 Bxf3 12. gxf3 b5 13. Bb3 a6 14. Kh1 Qd7 15. Rg1 Kh8 16. Bg5 Rad8 17. Rad1 c5 18. e5 Nh5 19. Ne4 cxd4 20. Bxe7 Qxe7 21. Nd6 Nc6 22. f4 Qh4 23. Rc1 Ne7 24. Qxd4 Ng6 25. Rc7 Kg8 26. Bd1 Qxf4 27. Qxf4 Nhxf4 28. Bf3 Nxe5 29. Nb7 Rd2 30. Be4 Rxf2 31. Rc5 Ned3 32. Bxd3 Nxd3 33. Rc6 Rxb2 34. Rxa6 Ne5 35. Rg3 Nc4 36. Ra7 e5 37. a6 e4 38. Nc5 e3 39. Re7 Ra2 40. Rg1 h5 41. h4 Rd8 42. Ne6 1-0

[Event "RUS-chT Women Rapid 2019"]
[Site "Sochi"]
[Date "2019.10.18"]
[Round "5.1"]
[White "Gunina, Valentina"]
[Black "Bodnaruk, Anastasia"]
[Result "1-0"]
[ECO "B94"]
[WhiteElo "2509"]
[BlackElo "2419"]
[Annotator "ChessBase"]
[PlyCount "51"]
[EventDate "2019.10.18"]
[EventType "swiss"]
[EventCountry "RUS"]
[SourceTitle "playchess.com"]
[Source "ChessBase"]
[SourceQuality "1"]
[TimeControl "900+10"]

1. e4 c5 2. Nf3 d6 3. d4 cxd4 4. Nxd4 Nf6 5. Nc3 a6 6. Bg5 Nbd7 7. f4 Qc7 8. Qf3 e6 9. O-O-O b5 10. e5 Bb7 11. Qg3 dxe5 12. fxe5 Qxe5 13. Bf4 Qc5 14. Bxb5 axb5 15. Ndxb5 Rc8 16. Rhe1 Rc6 17. Be3 Qh5 18. Nc7+ Kd8 19. N7b5 e5 20. Bg5 Be7 21. Qxe5 Re8 22. Na7 Rc7 23. Ncb5 Rc5 24. Qb8+ Rc8 25. Nc6+ Bxc6 26. Qb6+ 1-0

[Event "RUS-chT Women Rapid 2019"]
[Site "Sochi"]
[Date "2019.10.18"]
[Round "5.2"]
[White "Ovod, Evgenija"]
[Black "Bivol, Alina"]
[Result "0-1"]
[ECO "C07"]
[WhiteElo "2347"]
[BlackElo "2371"]
[Annotator "NA"]
[PlyCount "64"]
[EventDate "2019.10.18"]
[EventType "swiss"]
[EventCountry "RUS"]
[SourceTitle "playchess.com"]
[Source "ChessBase"]
[SourceQuality "1"]
[TimeControl "900+10"]

1. e4 e6 2. d4 d5 3. Nd2 c5 4. Ngf3 Nf6 5. exd5 exd5 6. dxc5 Bxc5 7. Bb5+ Bd7 8. Bxd7+ Nbxd7 9. O-O O-O 10. Nb3 Bb6 11. c3 Re8 12. Nfd4 Qc7 13. Qf3 Ne5 14. Qf5 Ng6 15. Be3 Re5 16. Qf3 Rae8 17. a4 Re4 18. a5 Bxd4 19. Bxd4 Rf4 20. Qd3 Rg4 21. g3 Nf4 22. Qf3 Ne2+ 23. Kg2 Nxd4 24. Nxd4 Rge4 25. Rfd1 h5 26. Rd2 Qc5 27. Nf5 R4e5 28. Ne3 Ne4 29. Rd4 h4 30. gxh4 R8e6 31. Nf5 Rf6 32. Qh5 Rexf5 0-1

[Event "RUS-chT Women Rapid 2019"]
[Site "Sochi"]
[Date "2019.10.18"]
[Round "5.3"]
[White "Maltsevskaya, Aleksandra"]
[Black "Belenkaya, Dina"]
[Result "1/2-1/2"]
[ECO "B01"]
[WhiteElo "2333"]
[BlackElo "2300"]
[Annotator "NA"]
[PlyCount "143"]
[EventDate "2019.10.18"]
[EventType "swiss"]
[EventCountry "RUS"]
[SourceTitle "playchess.com"]
[Source "ChessBase"]
[SourceQuality "1"]
[TimeControl "900+10"]

1. e4 d5 2. exd5 Qxd5 3. Nf3 Nc6 4. Be2 Bg4 5. h3 Bxf3 6. Bxf3 Qe6+ 7. Qe2 Nd4 8. Qxe6 Nxf3+ 9. gxf3 fxe6 10. d4 g6 11. Bf4 Nf6 12. c3 c6 13. Nd2 Bg7 14. Be5 Rf8 15. Ke2 Bh6 16. Ne4 Nd7 17. Bg3 Rf5 18. h4 e5 19. h5 g5 20. Rad1 exd4 21. Rxd4 Bg7 22. Rd3 h6 23. Rhd1 Nb6 24. b3 Be5 25. c4 Bf4 26. Bxf4 gxf4 27. Rd6 Rxh5 28. Rg6 Nd7 29. Rg7 Nf8 30. Rg4 Rd8 31. Rxd8+ Kxd8 32. Rxf4 Ne6 33. Rf7 Rh1 34. Rh7 h5 35. Ng3 Ra1 36. Nf5 Rxa2+ 37. Ke3 Rb2 38. Rxe7 Rxb3+ 39. Ke4 Nc5+ 40. Kf4 Rb4 41. Rh7 Rxc4+ 42. Ke5 b5 43. Kd6 Kc8 44. Ne7+ Kb7 45. Nd5+ Ka6 46. Kxc6 Ne4+ 47. Kd7 Nxf2 48. Rxh5 Ka5 49. f4 Ne4 50. Re5 Nc5+ 51. Kd6 Nb7+ 52. Kd7 Nc5+ 53. Kd6 Nd3 54. Re3 Rd4 55. Kc6 Nb4+ 56. Nxb4 Kxb4 57. f5 Rc4+ 58. Kb7 Rf4 59. Re5 Kc4 60. Kxa7 b4 61. Kb6 b3 62. Kc6 Rf2 63. Rc5+ Kd4 64. Rb5 b2 65. Kd6 Kc4 66. Rb7 Kc3 67. Ke6 Re2+ 68. Kd6 Re4 69. Rxb2 Kxb2 70. f6 Kc3 71. f7 Rf4 72. Ke7 1/2-1/2

[Event "RUS-chT Women Rapid 2019"]
[Site "Sochi"]
[Date "2019.10.18"]
[Round "5.4"]
[White "Styazhkina, Anna"]
[Black "Obolentseva, Alexandra"]
[Result "1/2-1/2"]
[ECO "B53"]
[WhiteElo "2280"]
[BlackElo "2282"]
[Annotator "NA"]
[PlyCount "40"]
[EventDate "2019.10.18"]
[EventType "swiss"]
[EventCountry "RUS"]
[SourceTitle "playchess.com"]
[Source "ChessBase"]
[SourceQuality "1"]
[TimeControl "900+10"]

1. e4 c5 2. Nf3 d6 3. d4 cxd4 4. Qxd4 Nc6 5. Bb5 Bd7 6. Qd3 a6 7. Bxc6 Bxc6 8. c4 Nf6 9. Nc3 g6 10. O-O Bg7 11. h3 O-O 12. Be3 Nd7 13. Nd4 Nc5 14. Qc2 Bd7 15. Rfd1 Rc8 16. Rac1 Ne6 17. Qb3 Nc5 18. Qc2 Ne6 19. Qb3 Nc5 20. Qc2 Ne6 1/2-1/2

[Event "RUS-chT Women Rapid 2019"]
[Site "Sochi"]
[Date "2019.10.18"]
[Round "5.5"]
[White "Pogonina, Natalija"]
[Black "Badelka, Olga"]
[Result "1-0"]
[ECO "D20"]
[WhiteElo "2479"]
[BlackElo "2413"]
[Annotator "ChessBase"]
[PlyCount "71"]
[EventDate "2019.10.18"]
[EventType "swiss"]
[EventCountry "RUS"]
[SourceTitle "playchess.com"]
[Source "ChessBase"]
[SourceQuality "1"]
[TimeControl "900+10"]

1. d4 d5 2. c4 dxc4 3. e4 Nf6 4. e5 Nd5 5. Bxc4 Nb6 6. Bb3 Nc6 7. Ne2 Bf5 8. Nbc3 e6 9. O-O Qd7 10. Be3 O-O-O 11. Rc1 Kb8 12. Na4 f6 13. exf6 gxf6 14. Ng3 Bg6 15. Nxb6 cxb6 16. Qf3 Be7 17. Rfd1 Ka8 18. d5 Ne5 19. Qe2 exd5 20. Rxd5 Qe8 21. Rcd1 Rxd5 22. Bxd5 Bc5 23. Bxc5 bxc5 24. f4 Nc6 25. Qxe8+ Bxe8 26. Ne4 Bh5 27. Rd2 Bg6 28. Bxc6 bxc6 29. Nxc5 Re8 30. Rd6 Kb8 31. Kf2 Bh5 32. Rd2 Re7 33. Nd7+ Kc7 34. Nxf6 Bf7 35. a3 Bb3 36. g4 1-0

[Event "RUS-chT Women Rapid 2019"]
[Site "Sochi"]
[Date "2019.10.18"]
[Round "5.6"]
[White "Sukhareva, Evgeniya"]
[Black "Girya, Olga"]
[Result "0-1"]
[ECO "D14"]
[WhiteElo "2122"]
[BlackElo "2476"]
[Annotator "ChessBase"]
[PlyCount "96"]
[EventDate "2019.10.18"]
[EventType "swiss"]
[EventCountry "RUS"]
[SourceTitle "playchess.com"]
[Source "ChessBase"]
[SourceQuality "1"]
[TimeControl "900+10"]

1. d4 d5 2. Nf3 Nf6 3. c4 c6 4. cxd5 cxd5 5. Nc3 Nc6 6. Bf4 Bf5 7. e3 e6 8. Bd3 Bxd3 9. Qxd3 Be7 10. O-O O-O 11. Rac1 Rc8 12. h3 a6 13. Qe2 Nd7 14. Ne1 b5 15. Nd3 Nb6 16. Nb1 Nc4 17. Nd2 Nb4 18. b3 Nxa2 19. bxc4 bxc4 20. Ne5 Nxc1 21. Rxc1 f6 22. Nef3 Ba3 23. Rc2 Qb6 24. e4 Qb5 25. Qe3 Qa4 26. Ne1 Rfe8 27. Bg3 Bb4 28. Ndf3 Qb3 29. Qe2 a5 30. Kh2 Qb1 31. Bf4 Qb3 32. Nd2 Bxd2 33. Bxd2 c3 34. Bf4 Qc4 35. Qe3 dxe4 36. f3 exf3 37. Nxf3 a4 38. Bd6 Qb3 39. Qe2 a3 40. Bc5 e5 41. Qf2 exd4 42. Bxd4 a2 43. Rxa2 c2 44. Rb2 Qd3 45. Rb7 c1=Q 46. Rxg7+ Kxg7 47. Bxf6+ Kg8 48. Nh4 Qd6+ 0-1

[Event "RUS-chT Women Rapid 2019"]
[Site "Sochi"]
[Date "2019.10.18"]
[Round "5.7"]
[White "Guseva, Marina"]
[Black "Dumcheva, Julia"]
[Result "1-0"]
[ECO "E25"]
[WhiteElo "2366"]
[BlackElo "2168"]
[Annotator "NA"]
[PlyCount "85"]
[EventDate "2019.10.18"]
[EventType "swiss"]
[EventCountry "RUS"]
[SourceTitle "playchess.com"]
[Source "ChessBase"]
[SourceQuality "1"]
[TimeControl "900+10"]

1. d4 Nf6 2. c4 e6 3. Nc3 Bb4 4. f3 d5 5. a3 Bxc3+ 6. bxc3 c5 7. cxd5 exd5 8. e3 Qe7 9. Bd3 O-O 10. Ne2 b6 11. O-O Ba6 12. Ng3 Bxd3 13. Qxd3 c4 14. Qd1 Nc6 15. Ra2 Na5 16. Re2 Nb3 17. e4 Qd7 18. Qe1 a5 19. Nf5 Nxc1 20. Qxc1 h6 21. Qf4 Kh7 22. Nxh6 Nh5 23. Qg5 gxh6 24. Qxh5 b5 25. Rb1 Rab8 26. exd5 Rg8 27. Re5 Rg6 28. Qf5 Qxf5 29. Rxf5 Kg7 30. d6 b4 31. axb4 axb4 32. Rc5 Rxd6 33. Rxc4 b3 34. Rb4 Re8 35. R4xb3 Ra6 36. R3b2 Ra4 37. Rc2 Rd8 38. Kf2 Rc4 39. Rbb2 Kf6 40. Ke3 Re8+ 41. Kd3 Rc7 42. c4 Rce7 43. Re2 1-0

[Event "RUS-chT Women Rapid 2019"]
[Site "Sochi"]
[Date "2019.10.18"]
[Round "5.8"]
[White "Trapeznikova, Darya"]
[Black "Kovanova, Baira"]
[Result "0-1"]
[ECO "A05"]
[WhiteElo "2065"]
[BlackElo "2344"]
[Annotator "NA"]
[PlyCount "64"]
[EventDate "2019.10.18"]
[EventType "swiss"]
[EventCountry "RUS"]
[SourceTitle "playchess.com"]
[Source "ChessBase"]
[SourceQuality "1"]
[TimeControl "900+10"]

1. Nf3 Nf6 2. c4 e6 3. e3 b6 4. b3 Bb7 5. Bb2 Be7 6. Be2 O-O 7. O-O c5 8. d4 d6 9. Nbd2 Nbd7 10. Qc2 Re8 11. e4 cxd4 12. Nxd4 Rc8 13. Rac1 Bf8 14. Rfd1 Qc7 15. f3 Qb8 16. Nf1 Ne5 17. Qd2 a6 18. a4 Ng6 19. g3 h5 20. Ne3 h4 21. Qe1 d5 22. cxd5 exd5 23. Rxc8 Qxc8 24. Rc1 Qd7 25. Nxd5 Nxd5 26. exd5 Qxd5 27. Qf2 hxg3 28. hxg3 Bc5 29. Bc4 Qh5 30. Kg2 Qg5 31. Kh2 Ne5 32. Be2 Ng4+ 0-1

[Event "RUS-chT Women Rapid 2019"]
[Site "Sochi"]
[Date "2019.10.18"]
[Round "5.9"]
[White "Lysenko, Margarita"]
[Black "Voit, Daria"]
[Result "0-1"]
[ECO "E20"]
[WhiteElo "2243"]
[BlackElo "2336"]
[Annotator "NA"]
[PlyCount "60"]
[EventDate "2019.10.18"]
[EventType "swiss"]
[EventCountry "RUS"]
[SourceTitle "playchess.com"]
[Source "ChessBase"]
[SourceQuality "1"]
[TimeControl "900+10"]

1. d4 Nf6 2. c4 e6 3. Nc3 Bb4 4. f3 c5 5. d5 O-O 6. e4 d6 7. Bd3 b5 8. Nge2 bxc4 9. Bxc4 exd5 10. Bxd5 Nxd5 11. Qxd5 Qb6 12. O-O Bb7 13. Qd1 Nd7 14. Nd5 Bxd5 15. Qxd5 Nf6 16. Qg5 Rfe8 17. Ng3 h6 18. Qh4 d5 19. Nf5 c4+ 20. Kh1 Bf8 21. Be3 Qxb2 22. Bd4 Qd2 23. Bxf6 gxf6 24. exd5 Qxd5 25. Qg4+ Kh7 26. Rad1 Qe6 27. Rd4 c3 28. Qh3 Qe2 29. Rg1 c2 30. Rh4 c1=Q 0-1

[Event "RUS-chT Women Rapid 2019"]
[Site "Sochi"]
[Date "2019.10.18"]
[Round "5.10"]
[White "Tomilova, Elena"]
[Black "Sudakova, Irina"]
[Result "1-0"]
[ECO "A13"]
[WhiteElo "2345"]
[BlackElo "2288"]
[Annotator "NA"]
[PlyCount "71"]
[EventDate "2019.10.18"]
[EventType "swiss"]
[EventCountry "RUS"]
[SourceTitle "playchess.com"]
[Source "ChessBase"]
[SourceQuality "1"]
[TimeControl "900+10"]

1. c4 e6 2. Nf3 d5 3. b3 c5 4. g3 Nc6 5. Bg2 Nf6 6. O-O Be7 7. e3 dxc4 8. bxc4 Qd3 9. Qb3 Nb4 10. Nc3 O-O 11. Bb2 Rd8 12. Rfd1 Rb8 13. Ne5 Qf5 14. d4 cxd4 15. exd4 Nc2 16. Nc6 bxc6 17. Qxb8 Nxa1 18. Bxa1 Ba6 19. Qxa7 Bb4 20. Qxa6 Bxc3 21. Qxc6 Qc2 22. Rf1 Bxa1 23. Rxa1 Qb2 24. Rd1 Qxa2 25. Qc7 Rf8 26. h3 Qe2 27. Rc1 Qd2 28. Qf4 Qb2 29. d5 exd5 30. cxd5 h5 31. d6 h4 32. g4 Rd8 33. g5 Ne8 34. Rd1 Qe2 35. Bf3 Qa6 36. d7 1-0

[Event "RUS-chT Women Rapid 2019"]
[Site "Sochi"]
[Date "2019.10.18"]
[Round "5.11"]
[White "Lukina, Aleksandra"]
[Black "Gritsayeva, Oksana"]
[Result "1-0"]
[ECO "A43"]
[WhiteElo "2060"]
[BlackElo "2370"]
[Annotator "NA"]
[PlyCount "71"]
[EventDate "2019.10.18"]
[EventType "swiss"]
[EventCountry "RUS"]
[SourceTitle "playchess.com"]
[Source "ChessBase"]
[SourceQuality "1"]
[TimeControl "900+10"]

1. d4 g6 2. c4 Bg7 3. Nc3 c5 4. d5 Bxc3+ 5. bxc3 f5 6. h3 Qa5 7. Qd3 Nf6 8. f3 d6 9. g4 Nbd7 10. Bf4 Ne5 11. Bxe5 dxe5 12. e4 fxe4 13. fxe4 Nxe4 14. Rc1 Nd6 15. Qg3 e4 16. Qe5 Rf8 17. Rh2 Qc7 18. Rf2 Rg8 19. Ne2 Bd7 20. Ng3 O-O-O 21. Nxe4 Nxe4 22. Qxe4 e6 23. Qf4 exd5 24. Qxc7+ Kxc7 25. cxd5 Rge8+ 26. Re2 Kd6 27. Rd1 Ba4 28. Rdd2 Bb5 29. Re6+ Kc7 30. Bxb5 Rf8 31. d6+ Kb6 32. Bf1 c4 33. Bg2 Rf7 34. Re7 Rf6 35. Rxb7+ Ka6 36. d7 1-0

[Event "RUS-chT Women Rapid 2019"]
[Site "Sochi"]
[Date "2019.10.18"]
[Round "5.12"]
[White "Vasilevich, Tatjana"]
[Black "Usacheva, Glafira"]
[Result "1-0"]
[ECO "D35"]
[WhiteElo "2360"]
[BlackElo "1905"]
[Annotator "NA"]
[PlyCount "53"]
[EventDate "2019.10.18"]
[EventType "swiss"]
[EventCountry "RUS"]
[SourceTitle "playchess.com"]
[Source "ChessBase"]
[SourceQuality "1"]
[TimeControl "900+10"]

1. d4 d5 2. c4 e6 3. Nc3 Nf6 4. cxd5 exd5 5. Bg5 Nbd7 6. e3 c6 7. Bd3 Be7 8. Qc2 Nh5 9. Bf4 Nxf4 10. exf4 Qb6 11. Nf3 Nf6 12. h3 O-O 13. O-O-O a5 14. Kb1 Qd8 15. Ne5 Bd7 16. g4 h6 17. Ne2 Be6 18. f5 Bd7 19. h4 Ne4 20. Bxe4 dxe4 21. Qxe4 Re8 22. Qd3 Bf6 23. f4 Be7 24. g5 Qc8 25. Ng3 Bd6 26. Rhg1 Rf8 27. gxh6 1-0

[Event "RUS-chT Women Rapid 2019"]
[Site "Sochi"]
[Date "2019.10.19"]
[Round "6.1"]
[White "Pogonina, Natalija"]
[Black "Gunina, Valentina"]
[Result "1-0"]
[ECO "E04"]
[WhiteElo "2479"]
[BlackElo "2509"]
[Annotator "ChessBase"]
[PlyCount "87"]
[EventDate "2019.10.18"]
[EventType "swiss"]
[EventCountry "RUS"]
[SourceTitle "playchess.com"]
[Source "ChessBase"]
[SourceQuality "1"]
[TimeControl "900+10"]

1. d4 Nf6 2. c4 e6 3. g3 d5 4. Bg2 dxc4 5. Nf3 Nc6 6. Qa4 Nd7 7. Qxc4 Nb6 8. Qd3 e5 9. O-O exd4 10. Rd1 Be7 11. Nxd4 Nxd4 12. Qxd4 Qxd4 13. Rxd4 O-O 14. Nc3 c6 15. Ne4 Be6 16. Bg5 f6 17. Bf4 Rfd8 18. Rxd8+ Rxd8 19. b3 Nd5 20. Bd2 Nb4 21. Bxb4 Bxb4 22. h4 h6 23. a3 Be7 24. b4 Bc4 25. e3 f5 26. Rc1 b5 27. Nc5 Bf6 28. a4 Rd6 29. Nb7 Rd2 30. Bxc6 Bb2 31. Re1 bxa4 32. Bxa4 Ba3 33. Na5 Bd5 34. b5 Kf8 35. Nc6 Ra2 36. Rd1 Bc4 37. Rd4 Ra1+ 38. Kh2 Be2 39. Bb3 g5 40. Rd8+ Kg7 41. Rd7+ Kf6 42. Rf7+ Kg6 43. Ne5+ Kh5 44. Rxf5 1-0

[Event "RUS-chT Women Rapid 2019"]
[Site "Sochi"]
[Date "2019.10.19"]
[Round "6.2"]
[White "Bivol, Alina"]
[Black "Girya, Olga"]
[Result "1-0"]
[ECO "B10"]
[WhiteElo "2371"]
[BlackElo "2476"]
[Annotator "ChessBase"]
[PlyCount "153"]
[EventDate "2019.10.18"]
[EventType "swiss"]
[EventCountry "RUS"]
[SourceTitle "playchess.com"]
[Source "ChessBase"]
[SourceQuality "1"]
[TimeControl "900+10"]

1. e4 c6 2. Nc3 d5 3. Qe2 d4 4. Nd1 e5 5. g3 Nf6 6. Bg2 Be6 7. f4 Bg4 8. Nf3 exf4 9. gxf4 Nh5 10. d3 Qc7 11. e5 Bb4+ 12. c3 dxc3 13. bxc3 Be7 14. O-O g6 15. Nf2 Be6 16. Nd4 Ng7 17. Ne4 Nd7 18. a4 Nf5 19. Nxe6 fxe6 20. Rb1 Nc5 21. Nxc5 Bxc5+ 22. d4 Be7 23. Qa2 Kf7 24. a5 Rhd8 25. Be4 b5 26. Rf3 a6 27. Rh3 Rh8 28. Qe2 Rac8 29. Bxf5 exf5 30. Qa2+ Kg7 31. Be3 Qd7 32. Kf2 Qd5 33. Qxd5 cxd5 34. Bd2 Rc4 35. Ra1 Rhc8 36. Ke2 Ra4 37. Rxa4 bxa4 38. Rg3 a3 39. Rg1 Kf7 40. Kd3 Rb8 41. Ra1 Ke6 42. Bc1 Rb3 43. Kc2 Rb5 44. Bxa3 Rxa5 45. Bb2 Rxa1 46. Bxa1 g5 47. fxg5 Bxg5 48. Kd3 Bc1 49. c4 a5 50. c5 a4 51. Kc2 Be3 52. Kd3 Bc1 53. Kc2 Be3 54. Kd3 Bg1 55. h3 f4 56. Bb2 Bf2 57. Ba3 Be1 58. c6 Ba5 59. Ke2 Bb6 60. Bd6 a3 61. Bxa3 Bxd4 62. Bd6 Bb6 63. c7 Bxc7 64. Bxc7 Kf5 65. Kf3 d4 66. e6 Kxe6 67. Kxf4 d3 68. Ke3 Kf5 69. Bg3 d2 70. Kxd2 Ke4 71. Ke2 Kf5 72. Kf3 Kg5 73. Be1 Kh5 74. Kg3 Kg5 75. Bd2+ Kh5 76. Bc1 Kg6 77. Kg4 1-0

[Event "RUS-chT Women Rapid 2019"]
[Site "Sochi"]
[Date "2019.10.19"]
[Round "6.3"]
[White "Guseva, Marina"]
[Black "Maltsevskaya, Aleksandra"]
[Result "1-0"]
[ECO "A50"]
[WhiteElo "2366"]
[BlackElo "2333"]
[Annotator "NA"]
[PlyCount "89"]
[EventDate "2019.10.18"]
[EventType "swiss"]
[EventCountry "RUS"]
[SourceTitle "playchess.com"]
[Source "ChessBase"]
[SourceQuality "1"]
[TimeControl "900+10"]

1. d4 Nf6 2. c4 b6 3. Nc3 Bb7 4. Qc2 d5 5. cxd5 Nxd5 6. e4 Nxc3 7. bxc3 e6 8. Nf3 Be7 9. Bc4 O-O 10. O-O c5 11. Bf4 cxd4 12. cxd4 Nc6 13. Rad1 Na5 14. Bd3 Rc8 15. Qe2 Nc6 16. d5 exd5 17. exd5 Nb4 18. d6 Bf6 19. d7 Nxd3 20. dxc8=Q Nxf4 21. Qxb7 Nxe2+ 22. Kh1 Qa8 23. Rd7 Qe8 24. Re1 Qe6 25. Rd2 Qg4 26. Rdxe2 h5 27. Re8 g6 28. Rxf8+ Kxf8 29. Qxa7 h4 30. h3 Qb4 31. Qa8+ Kg7 32. Qe4 Qa5 33. Qe2 g5 34. Rd1 Qa4 35. Qd2 g4 36. hxg4 Qxg4 37. Ng1 Qe4 38. Qe2 Qf5 39. Qf3 Qg6 40. Nh3 Be5 41. Re1 Bf6 42. Re4 Kf8 43. Qg4 Qh6 44. Qc8+ Kg7 45. Rg4+ 1-0

[Event "RUS-chT Women Rapid 2019"]
[Site "Sochi"]
[Date "2019.10.19"]
[Round "6.4"]
[White "Obolentseva, Alexandra"]
[Black "Kovanova, Baira"]
[Result "1/2-1/2"]
[ECO "A40"]
[WhiteElo "2282"]
[BlackElo "2344"]
[Annotator "NA"]
[PlyCount "69"]
[EventDate "2019.10.18"]
[EventType "swiss"]
[EventCountry "RUS"]
[SourceTitle "playchess.com"]
[Source "ChessBase"]
[SourceQuality "1"]
[TimeControl "900+10"]

1. d4 Nf6 2. c4 e6 3. g3 c5 4. Nf3 cxd4 5. Nxd4 Nc6 6. Bg2 Bb4+ 7. Bd2 Be7 8. Bc3 O-O 9. O-O a6 10. e4 Nxd4 11. Bxd4 d6 12. e5 dxe5 13. Bxe5 Qb6 14. Bd4 Qc7 15. Qe2 Bd7 16. Nd2 Bc6 17. Bxc6 Qxc6 18. Qf3 Qc7 19. Rac1 Rad8 20. Nb3 e5 21. Be3 Rfe8 22. Rfd1 e4 23. Qe2 Qc8 24. Bb6 Rxd1+ 25. Rxd1 Qh3 26. Qf1 Qe6 27. Bd4 Ng4 28. Qe2 Bf6 29. Bxf6 Nxf6 30. Nd4 Qh3 31. Qf1 Qh5 32. Qe2 Qh3 33. Qf1 Qh5 34. Qe2 Qh3 35. Qf1 1/2-1/2

[Event "RUS-chT Women Rapid 2019"]
[Site "Sochi"]
[Date "2019.10.19"]
[Round "6.5"]
[White "Bodnaruk, Anastasia"]
[Black "Voit, Daria"]
[Result "1/2-1/2"]
[ECO "C11"]
[WhiteElo "2419"]
[BlackElo "2336"]
[Annotator "NA"]
[PlyCount "61"]
[EventDate "2019.10.18"]
[EventType "swiss"]
[EventCountry "RUS"]
[SourceTitle "playchess.com"]
[Source "ChessBase"]
[SourceQuality "1"]
[TimeControl "900+10"]

1. e4 e6 2. d4 d5 3. Nc3 Nf6 4. e5 Nfd7 5. f4 c5 6. Nf3 Nc6 7. Be3 Qb6 8. Na4 Qa5+ 9. c3 cxd4 10. b4 Nxb4 11. cxb4 Bxb4+ 12. Bd2 Bxd2+ 13. Nxd2 b6 14. Be2 Nc5 15. Nxc5 bxc5 16. O-O Bd7 17. Rc1 Rc8 18. Nf3 g6 19. Kh1 Ke7 20. Ng5 Rb8 21. g4 Rb2 22. f5 gxf5 23. gxf5 exf5 24. Bd3 h6 25. Qh5 hxg5 26. Qxh8 Qd2 27. Qf6+ Ke8 28. Qh8+ Ke7 29. Qf6+ Ke8 30. Qh8+ Ke7 31. Qf6+ 1/2-1/2

[Event "RUS-chT Women Rapid 2019"]
[Site "Sochi"]
[Date "2019.10.19"]
[Round "6.6"]
[White "Tomilova, Elena"]
[Black "Ovod, Evgenija"]
[Result "1/2-1/2"]
[ECO "A30"]
[WhiteElo "2345"]
[BlackElo "2347"]
[Annotator "NA"]
[PlyCount "67"]
[EventDate "2019.10.18"]
[EventType "swiss"]
[EventCountry "RUS"]
[SourceTitle "playchess.com"]
[Source "ChessBase"]
[SourceQuality "1"]
[TimeControl "900+10"]

1. c4 c5 2. Nf3 Nc6 3. d4 cxd4 4. Nxd4 e6 5. g3 a6 6. Bg2 Bb4+ 7. Bd2 Bxd2+ 8. Qxd2 Nge7 9. O-O O-O 10. Nc3 Qc7 11. Rac1 Nxd4 12. Qxd4 Nc6 13. Qh4 b6 14. Rfd1 Bb7 15. Nd5 exd5 16. cxd5 Qe5 17. dxc6 Bxc6 18. Rd2 Rac8 19. Rcd1 Rfe8 20. e3 a5 21. b3 b5 22. Qd4 Kf8 23. Qd6+ Qxd6 24. Rxd6 Re5 25. Rc1 Ke7 26. Rd2 Bb7 27. Rcd1 Rc7 28. Bxb7 Rxb7 29. Rc2 b4 30. Kf1 a4 31. Rd4 axb3 32. axb3 Ra5 33. Rcc4 Ra3 34. Rxb4 1/2-1/2

[Event "RUS-chT Women Rapid 2019"]
[Site "Sochi"]
[Date "2019.10.19"]
[Round "6.7"]
[White "Belenkaya, Dina"]
[Black "Gritsayeva, Oksana"]
[Result "1/2-1/2"]
[ECO "B25"]
[WhiteElo "2300"]
[BlackElo "2370"]
[Annotator "NA"]
[PlyCount "82"]
[EventDate "2019.10.18"]
[EventType "swiss"]
[EventCountry "RUS"]
[SourceTitle "playchess.com"]
[Source "ChessBase"]
[SourceQuality "1"]
[TimeControl "900+10"]

1. e4 c5 2. Nc3 Nc6 3. g3 g6 4. Bg2 Bg7 5. d3 d6 6. Nf3 Nf6 7. O-O O-O 8. h3 Bd7 9. Be3 a6 10. Qd2 b5 11. Bh6 b4 12. Nd5 e6 13. Bxg7 Kxg7 14. Ne3 Rb8 15. Nh4 Ng8 16. f4 f5 17. Rae1 Nf6 18. Rf2 Nd4 19. c3 bxc3 20. bxc3 Nc6 21. Nc4 d5 22. exd5 exd5 23. Ne5 Be8 24. Rfe2 Nxe5 25. fxe5 Nh5 26. e6 Qe7 27. Qe3 Bc6 28. Qe5+ Kg8 29. c4 f4 30. cxd5 Nxg3 31. dxc6 Nxe2+ 32. Qxe2 Qxh4 33. e7 Rfe8 34. Qe6+ Kg7 35. Qe5+ Kh6 36. c7 Rb2 37. Kh1 Rxg2 38. Kxg2 Qg3+ 39. Kf1 Qf3+ 40. Kg1 Qg3+ 41. Kf1 Qf3+ 1/2-1/2